Match 45201568
Unlisted

Match 45201568
End
Kettenkrad Recon Vehicle
Construct Infanterie Kompanie
MG 42 Machine Gun Team
Grenadier Squad
MG 42 Machine Gun Team
Construct Panzergrenadier Kompanie
GrW 34 Mortar Team
251 Medium Carrier
Support Elements
Grenadier Squad
Pioneer Squad
Selects Mechanized Battlegroup
Selects Raid Package
Selects StuG Assault Group
StuG Assault Group
AI Takeover
Romaneck
大炮一响黄金万两
晨曦朝露
VBme
Nightshade878
Cameleon Casquer
PayPerPaper
Anevan
0
0

Comments sign in to comment!

No comments posted yet!